 Dungeon Crawl Stone Soup version 0.29-a0-789-g7a8fcbc185 (webtiles) character file.

Game seed: 10931137612200989189

597 buhh the Insei (level 7, -6/49 HPs)
             Began as an Octopode Transmuter on July 2, 2022.
             Mangled by a black bear (7 damage)
             ... on level 5 of the Dungeon.
             The game lasted 00:07:37 (5145 turns).

buhh the Insei (Octopode Transmuter)                Turns: 5145, Time: 00:07:38

Health: -6/49      AC:  2    Str: 16    XL:     7   Next: 40%
Magic:  6/10       EV: 21    Int: 17    God:
Gold:   240        SH:  0    Dex: 17    Spells: 4/10 levels left

rFire   + . .      SeeInvis .     - Unarmed
rCold   . . .      Faith    .   (shield currently unavailable)
rNeg    . . .      Spirit   .   (helmet currently unavailable)
rPois   x          Reflect  .   (no amulet)
rElec   .          Harm     .   c - ring of willpower
rCorr   .          Rampage  .   d - +6 ring of strength
Will    +....                   f - ring of protection from fire
Stlth   ++........              (no ring)
HPRegen 0.16/turn               (no ring)
MPRegen 0.12/turn               (no ring)
                                (no ring)
                                (no ring)

@: spider-form
A: venomous fangs, almost no armour, (amphibious), 8 rings, tiny, (camouflage
1), (gelatinous body 1), (nimble swimmer 1), (tentacles)
a: End Transformation


You were on level 5 of the Dungeon.
You were a venomous arachnid creature.
You visited 1 branch of the dungeon, and saw 5 of its levels.

You collected 240 gold pieces.

Inventory:

Missiles
 a - 3 poisoned darts
Jewellery
 c - a ring of willpower (left front leg)
 d - a +6 ring of strength (right front leg)
 f - a ring of protection from fire (on tentacle)
Scrolls
 b - 2 scrolls of vulnerability
 e - a scroll of brand weapon
 F - 2 scrolls of enchant weapon
 P - a scroll of magic mapping {!r!d}
 Z - 4 scrolls of enchant armour
Potions
 h - a potion of invisibility {unknown}
 i - a potion of resistance {unknown}
 m - a potion of attraction {unknown}
 U - 3 potions of mutation {!d}


   Skills:
 + Level 4.9 Fighting
 * Level 3.7 Dodging
 - Level 2.0 Stealth
 * Level 5.1 Unarmed Combat
 - Level 2.0 Spellcasting
 - Level 2.0 Transmutations
 - Level 2.0 Poison Magic


You had 4 spell levels left.
You knew the following spells:

 Your Spells              Type           Power      Damage    Failure   Level
a - Beastly Appendage     Tmut           16%        N/A       22%         1
b - Wereblood             Tmut           8%         N/A       30%         2
c - Spider Form           Tmut/Pois      8%         N/A       47%         3

Your spell library contained the following spells:

 Spells                   Type           Power      Damage    Failure   Level
 Static Discharge         Conj/Air       1%         3-4/arc   50%         2
 Ice Form                 Ice/Tmut       5%         N/A       90%         4
 Fireball                 Conj/Fire      0%         3d3       100%        5
 Iskenderun's Battlesphe  Conj           1%         2d6       100%        5
 Lightning Bolt           Conj/Air       0%         1d11      100%        5
 Conjure Ball Lightning   Conj/Air       0%         3x3d6     100%        6
 Orb of Destruction       Conj           0%         9d5       100%        7
 Maxwell's Capacitive Co  Air            0%         ∞         100%        8


Dungeon Overview and Level Annotations

Branches:
Dungeon (5/15) Zot: 24871
 Temple: D:4-7

Altars:
Fedhas
Qazlal
Ru

Annotations:
D:3 Grinder
D:4 exclusions: lemure and orc, Pikel
D:5 Blork the orc


Innate Abilities, Weirdness & Mutations

You are a venomous arachnid creature.
You have poisonous fangs.
You are tiny and dextrous.
Your spellcasting is less reliable in this form.
Your armour is entirely melded.
You are incapable of wielding weapons or throwing items.
You cannot wear most types of armour.
((You are amphibious.))
You can wear up to eight rings at the same time.
((Your skin changes colour to match your surroundings (Stealth+).))
((Your rubbery body absorbs attacks. (AC +1, EV +1)))
((You are camouflaged when in or above water. (Stealth+)))
((You have tentacles for arms and can constrict up to eight enemies at once.))


Message History

You kill the water moccasin!
You feel sick. The black bear bites you!
* * * LOW HITPOINT WARNING * * *
The black bear barely misses you. The black bear closely misses you.
Your Unarmed Combat skill increases to level 5!
Really quaff
N - a potion of curing {!q!d}?
You feel better. The black bear closely misses you.
The black bear claws you but does no damage.
The black bear barely misses you.
The ice beast hits you but does no damage.
The black bear attacks as you move away!
The black bear completely misses you. The black bear misses you. x2
You barely miss the black bear. The black bear closely misses you.
The black bear completely misses you. The black bear misses you.
You bite the black bear!
The black bear is poisoned.
The black bear is moderately wounded.
You hit the black bear.
The black bear looks as sick as possible!
The black bear is moderately wounded.
The black bear barely misses you. The black bear claws you.
* * * LOW HITPOINT WARNING * * *
The black bear completely misses you. The ice beast closely misses you.
You hit the black bear.
The black bear looks as sick as possible!
The black bear is moderately wounded.
Your transformation has ended.
The black bear bites you!
* * * LOW HITPOINT WARNING * * *
The black bear claws you.
* * * LOW HITPOINT WARNING * * *
The black bear misses you. The ice beast completely misses you.
You turn into a venomous arachnid creature.
The black bear closely misses you. x2; The black bear claws you.
* * * LOW HITPOINT WARNING * * *
The ice beast misses you.
You hit the black bear but do no damage.
The black bear looks as sick as possible!
The black bear is heavily wounded.
The black bear bites you!
You die...

....♣ ♣.♣ ♣......>...
##..♣# #♣.♣# #♣..#######>
###..♣♣♣.♣.♣♣♣...........
........♣♣♣......###.....
.....♣♣♣.♣.♣♣♣...###.[...
###.♣# #♣.♣# #♣..........
#.♣ ♣.♣ ♣...†...... #.♣#
#♣.♣# #♣Yh###.....
#..♣♣♣...♣♣♣..s# ....
#..............# #
##.##.##.#..#..#
#.##....#..##.### .
##.#####.#..##...##. #
##...## #........... .#
##.....###....####.##..#
....♣....###...........
........)..##......#


You could see a black bear (extremely poisoned) and an ice beast.

Vanquished Creatures
  A water moccasin (D:5)
  A howler monkey (D:5)
  A hound (D:5)
  A jelly (D:5)
  Jessica (D:3)
  2 iguanas
  Natasha (thrice) (D:2)
  2 orc wizards
  10 adders
  A worm (D:4)
  A dart slug (D:1)
  9 orcs
  9 endoplasms
  3 giant cockroaches
  11 goblins
  15 hobgoblins
  4 quokkas
  2 ball pythons (D:1)
  A bat (D:1)
  5 frilled lizards
  11 kobolds
  8 rats
102 creatures vanquished.

Vanquished Creatures (others)
  4 plants (D:4)
4 creatures vanquished.

Grand Total: 106 creatures vanquished

Notes
Turn   | Place    | Note
-------+----------+-------------------------------------------
     0 | D:1      | buhh the Octopode Transmuter began the quest for the Orb.
     0 | D:1      | Reached XP level 1. HP: 13/13 MP: 3/3
   159 | D:1      | Reached XP level 2. HP: 6/18 MP: 3/5
   466 | D:1      | Found a faded altar of an unknown god.
   705 | D:1      | Reached XP level 3. HP: 25/25 MP: 4/6
  1236 | D:2      | Reached XP level 4. HP: 27/30 MP: 5/7
  1263 | D:2      | Noticed Natasha
  1405 | D:2      | Killed Natasha
  1406 | D:2      | Reached skill level 4 in Unarmed Combat
  1716 | D:2      | Noticed Natasha
  1734 | D:2      | Killed Natasha
  1735 | D:2      | Reached XP level 5. HP: 24/37 MP: 8/8
  1747 | D:2      | Noticed Natasha
  1754 | D:2      | Killed Natasha
  2102 | D:3      | Noticed Grinder
  2211 | D:3      | Noticed an ice beast
  2217 | D:3      | Learned a level 2 spell: Wereblood
  2221 | D:3      | Learned a level 3 spell: Spider Form
  2441 | D:3      | Noticed Jessica
  2450 | D:3      | Killed Jessica
  2544 | D:3      | You fall into a shaft and drop 2 floors!
  2544 | D:5      | Entered Level 5 of the Dungeon
  2552 | D:5      | Found a blossoming altar of Fedhas.
  2556 | D:5      | Noticed Blork the orc
  2685 | D:5      | Reached XP level 6. HP: 27/44 MP: 9/9
  3127 | D:5      | Noticed an ice beast
  3130 | D:5      | Noticed a water moccasin
  3580 | D:4      | Found a sacrificial altar of Ru.
  4085 | D:4      | Reached XP level 7. HP: 49/49 MP: 8/10
  4224 | D:4      | Found a stormy altar of Qazlal.
  4333 | D:4      | Noticed Pikel
  5137 | D:5      | Reached skill level 5 in Unarmed Combat
  5143 | D:5      | HP: 1/49 [black bear (4)]
  5145 | D:5      | Mangled by a black bear

Illustrated notes

Levels and vault maps discovered:
D:1:      minmay_arrival_arboretum_small, layout_rooms,
          shapermc_ecumenical_altar_pompeii, st_stairs_3, minmay_surrounded
D:2:      layout_rooms, chequers_arboretum, uniq_natasha
D:3:      layout_loops_ring, serial_shops, shop, uniq_jessica, uniq_grinder,
          uniq_ijyb
D:4:      corexii_shack_village, layout_gridville,
          nicolae_overflow_crystal_walls, nicolae_qazlal_scattered_showers,
          sigmund_army, uniq_pikel
D:5:      layout_loops_ring, fedhas_altar_1, gammafunk_ghost_cemetery,
          minmay_stone_trees_medium, minivault_11, grunt_ministairs_12,
          hangedman_decor_points, minmay_tree_intersection, uniq_edmund,
          uniq_blork_the_orc

Skill      XL: |  1  2  3  4  5  6  7 |
---------------+----------------------+-----
Stealth        | 1 2 |  2.0
Fighting       | 2 3 4 |  4.9
Unarmed Combat | 4 5 |  5.1
Poison Magic   | 1 2 |  2.0
Dodging        | 3 |  3.7
Spellcasting   | |  2.0
Transmutations | |  2.0

Action                   |  1- 3 |  4- 6 |  7- 9 || total
-------------------------+-------+-------+-------++-------
Melee: Unarmed           |    73 |   107 |    39 ||   219
       Constrict         |    21 |    27 |     3 ||    51
       Kick              |    14 |    32 |     2 ||    48
       Tentacles         |    14 |    21 |     3 ||    38
       Punch             |     2 |     2 |     2 ||     6
 Cast: Beastly Appendage |    16 |    33 |     6 ||    55
       Spider Form       |       |       |     4 ||     4
  Use: Scroll            |     2 |     5 |     3 ||    10
       Potion            |       |       |     5 ||     5
 Stab: Sleeping          |     1 |     4 |     1 ||     6
Armor: Skin              |     7 |     2 |    42 ||    51
Dodge: Dodged            |    41 |    54 |    40 ||   135

Table legend: (Time is in decaauts)
 A = Elapsed time spent in this place.
 B = Non-inter-level travel time spent in this place.
 C = Inter-level travel time spent in this place.
 D = Time resting spent in this place.
 E = Time spent auto-exploring this place.
 F = Levels seen in this place.
 G = Mean time per level.
                   A        B        C        D        E       F      G
               +--------+--------+--------+--------+--------+-----+--------+
         Total |   5127 |   5006 |    121 |    961 |   3273 |   5 | 1025.4 |
       Dungeon |   5127 |   5006 |    121 |    961 |   3273 |   5 | 1025.4 |
               +--------+--------+--------+--------+--------+-----+--------+

Top non-repeatable levels by time:
     D:4: 1720 daAuts
     D:1: 1130 daAuts
     D:2: 842 daAuts
     D:5: 721 daAuts
     D:3: 712 daAuts
